 Seeded DCSS version 0.29.1-12-g30fa7ad0bf (webtiles) character file.

Game seed: 20221231 (custom seed)

354 stormannn the Conjurer (level 6, -1/45 HPs)
             Began as a Ghoul Conjurer on Dec 31, 2022.
             Slain by a warg (13 damage)
             ... on level 4 of the Dungeon.
             The game lasted 00:08:15 (3742 turns).

stormannn the Conjurer (Ghoul Conjurer)             Turns: 3742, Time: 00:08:16

Health: -1/45      AC:  2    Str:  7    XL:     6   Next: 63%
Magic:  3/10       EV: 11    Int: 23    God:
Gold:   106        SH:  0    Dex:  7    Spells: 9/12 levels left

rFire   . . .      SeeInvis .   d - +8 short sword "Docaceh" {spect, rCorr Str-4 Int+8 Stlth+}
rCold   + . .      Faith    .   (no shield)
rNeg    + + +      Spirit   .   a - +0 robe
rPois   ∞          Reflect  .   (no helmet)
rElec   .          Harm     .   (no cloak)
rCorr   +          Rampage  .   (no gloves)
Will    .....                   (no boots)
Stlth   +++.......              (no amulet)
HPRegen 0.00/turn               (no ring)
MPRegen 0.12/turn               (no ring)

@: inhibited regen
A: claws 1, cold resistance 1, negative energy resistance 3, inhibited
regeneration, torment resistance 2, devour on kill
a: no special abilities


You were on level 4 of the Dungeon.
You visited 1 branch of the dungeon, and saw 4 of its levels.

You collected 106 gold pieces.

Inventory:

Hand Weapons
 d - the +8 short sword "Docaceh" (weapon) {spect, rCorr Str-4 Int+8 Stlth+}
   (You found it on level 2 of the Dungeon)

   When its wielder attacks, the weapon's spirit leaps out and strikes again.
   The spirit shares a part of any damage it takes with its wielder.
   Str:       It affects your strength (-4).
   Int:       It affects your intelligence (+8).
   rCorr:     It protects you from acid and corrosion.
   Stlth:     It makes you more stealthy.
Missiles
 c - 25 stones
 h - 3 poisoned darts
Armour
 a - a +0 robe (worn)
 m - the +2 pair of gloves "Lytugio" {*Slow rPois rN+}
   (You found it on level 3 of the Dungeon)

   rPois:     It protects you from poison.
   rN:        It protects you from negative energy.
   *Slow:     It may slow you when you take damage.
Wands
 k - a wand of polymorph (14)
Scrolls
 f - 3 scrolls of identify {unknown}
 g - 3 scrolls of teleportation {unknown}
 i - a scroll of amnesia {unknown}
 l - a scroll of vulnerability {unknown}
 n - a scroll of brand weapon {unknown}
 q - a scroll of poison {unknown}
Potions
 b - a potion of magic
 e - a potion of mutation {unknown}
 j - a potion of berserk rage {unknown}
 o - a potion of flight {unknown}
 p - a potion of resistance {unknown}


   Skills:
 - Level 1.7 Dodging
 - Level 2.1 Stealth
 + Level 3.5 Spellcasting
 * Level 5.6 Conjurations


You had 9 spell levels left.
You knew the following spells:

 Your Spells              Type           Power      Damage    Failure   Level
a - Magic Dart            Conj           100%       1d8       1%          1
b - Searing Ray           Conj           58%        2d6       1%          2

Your spell library contained the following spells:

 Spells                   Type           Power      Damage    Failure   Level
 Dazzling Flash           Conj/Hex       32%        N/A       11%         3
 Fulminant Prism          Conj/Hex       8%         3d7       34%         4
 Iskenderun's Mystic Bla  Conj/Tloc      16%        2d5       34%         4
 Cause Fear               Hex            2%         N/A       73%         4
 Dragon's Call            Summ           2%         N/A       100%        9
 Dragon Form              Tmut           Unusable   N/A       N/A         7

Dungeon Overview and Level Annotations

Branches:
Dungeon (4/15)
 Temple: D:4-7

Altars:
Dithmenos
Kikubaaqudgha
Uskayaw
Yredelemnul

Shops:
D:1 :


Innate Abilities, Weirdness & Mutations

You are immune to poison.
You have sharp fingernails.
Your flesh is cold resistant. (rC+)
You are immune to negative energy. (rN+++)
You do not regenerate when monsters are visible.
You are immune to unholy pain and torment.
You thrive by killing the living.


Message History

A black bear comes into view.
There is an escape hatch in the floor here.
Things that are here:
a +0 halberd of venom; a +0 robe
Casting: Magic Dart (safe; 1% risk of failure)
Confirm with . or Enter, or press ? or * to list all spells.
Okay, then.
Aiming: Polymorph
Press: ? - help, Shift-Dir - straight line, f/p - ogre
Aim: an ogre, wielding a +0 giant spiked club (lightly wounded, will become a warg, a sky beast, or a wolf, chance to affect: 49%)
The ogre evaporates and reforms as a warg!
Unknown command.
Casting: Magic Dart (safe; 1% risk of failure)
Confirm with . or Enter, or press ? or * to list all spells.
Aiming: Magic Dart (safe; 1% risk of failure)
Press: ? - help, Shift-Dir - straight line, f/p - warg
Aim: a warg (100% to hit)
The magic dart hits the warg but does no damage.
The warg bites you!
Casting: Magic Dart (safe; 1% risk of failure)
Confirm with . or Enter, or press ? or * to list all spells.
Aiming: Searing Ray (safe; 1% risk of failure)
Press: ? - help, Shift-Dir - straight line, f/p - warg
Aim: a warg (74% to hit)
The searing ray hits the warg!
The warg is moderately wounded. (Press . to maintain the ray.)
The warg bites you!
The searing ray hits the warg!
The warg is heavily wounded.
The warg bites you. x2
* * * LOW HITPOINT WARNING * * *
The searing ray hits the warg!
The warg is severely wounded.
The warg misses you.
The searing ray hits the warg.
The warg is severely wounded.
You finish channelling your searing ray.
The warg bites you!
You die...

... ...........
#.# ......#...
#.# .. .....#
#<##.# #...#
##....# ###.#
#..#### #...#
#..# #>###
#=#######.#
###...@h))..#
##....####...#
###..######..###
#...######..##
#..........##
#....#######
#....# #...##
#...#


You could see a warg.

Vanquished Creatures
  Grinder (D:3)
  Blork the orc (D:4)
  A gnoll (D:1)
  An adder (D:2)
  2 worms
  3 dart slugs
  6 endoplasms
  A giant cockroach (D:1)
  8 goblins
  7 hobgoblins
  4 jackals
  2 quokkas
  6 ball pythons
  3 bats
  5 frilled lizards
  3 kobolds (D:1)
  10 rats
64 creatures vanquished.

Notes
Turn   | Place    | Note
-------+----------+-------------------------------------------
     0 | D:1      | stormannn the Ghoul Conjurer began the quest for the Orb.
     0 | D:1      | Reached XP level 1. HP: 14/14 MP: 2/2
   241 | D:1      | Reached XP level 2. HP: 20/20 MP: 0/3
   297 | D:1      | Found Liumukasch's Book Emporium.
   808 | D:1      | Reached XP level 3. HP: 26/26 MP: 3/5
  1101 | D:1      | HP: 1/26 [gnoll/+0 whip (2)]
  1104 | D:1      | Reached skill level 4 in Conjurations
  1406 | D:2      | Identified the +8 short sword "Docaceh" {spect, rCorr Str-4
                  | Int+8 Stlth+}
  1440 | D:2      | Learned a level 2 spell: Searing Ray
  1695 | D:2      | Reached XP level 4. HP: 33/33 MP: 1/6
  2314 | D:2      | You fall into a shaft and drop 1 floor!
  2338 | D:3      | Noticed Grinder
  2356 | D:3      | Killed Grinder
  2357 | D:3      | Reached skill level 5 in Conjurations
  2357 | D:3      | Reached XP level 5. HP: 11/38 MP: 1/8
  2357 | D:3      | Reached XP level 6. HP: 13/45 MP: 1/9
  2574 | D:3      | Found an ancient bone altar of Kikubaaqudgha.
  2749 | D:3      | Found a faded altar of an unknown god.
  2761 | D:3      | Found a shadowy altar of Dithmenos.
  2789 | D:3      | Found a faded altar of an unknown god.
  2826 | D:3      | Identified the +2 pair of gloves "Lytugio" {*Slow rPois
                  | rN+}
  3046 | D:3      | Found a hide-covered altar of Uskayaw.
  3478 | D:4      | Noticed Blork the orc
  3520 | D:4      | Killed Blork the orc
  3724 | D:4      | Found a basalt altar of Yredelemnul.
  3728 | D:4      | Noticed a black bear
  3737 | D:4      | Noticed a warg
  3737 | D:4      | an ogre changed into a warg
  3742 | D:4      | Slain by a warg

Illustrated notes

Levels and vault maps discovered:
D:1:      dpeg_arrival_rooms_b, layout_rooms, serial_shops,
          nicolae_shop_crystal, st_stairs_9, minmay_tiny_reverse_x
D:2:      layout_basic
D:3:      layout_loops_ring, mainiacjoe_overflow_surrounded_room,
          nicolae_overflow_ecumenical_swirl, minitemple,
          hellmonk_ecumenical_altar_crossroads, minivault_4, uniq_grinder
D:4:      layout_rooms, grunt_temple_overflow_open, tgw_fedhas,
          minmay_temple_entry_butterflies, uniq_blork_the_orc

Skill      XL: |  1  2  3  4 |
---------------+-------------+-----
Spellcasting   | 2 3 |  3.5
Conjurations   | 4 5 |  5.6
Dodging        | |  1.7
Stealth        | |  2.1

Action                   |  1- 3 |  4- 6 || total
-------------------------+-------+-------++-------
Melee: Unarmed           |    29 |       ||    29
       Short sword       |     1 |     6 ||     7
       Punch             |     1 |       ||     1
 Cast: Magic Dart        |    73 |    49 ||   122
       Searing Ray       |       |     4 ||     4
Evoke: Wand              |       |     1 ||     1
  Use: Potion            |     3 |     2 ||     5
       Scroll            |     3 |       ||     3
Armor: Robe              |     4 |     1 ||     5
Dodge: Dodged            |    19 |    10 ||    29
